 Dungeon Crawl Stone Soup version 0.21-a0-442-g848f44b (webtiles) character file.

676 slep the Cutter (level 7, -10/52 HPs)
             Began as a Demonspawn Wanderer on Nov 15, 2017.
             Mangled by Menkaure (14 damage)
             ... on level 5 of the Dungeon.
             The game lasted 00:14:05 (3057 turns).

slep the Cutter (Demonspawn Wanderer)               Turns: 3057, Time: 00:14:05

Health: -10/52     AC:  8    Str: 14    XL:     7   Next: 33%
Magic:  0/8        EV: 11    Int: 13    God:
Gold:   257        SH:  0    Dex: 13    Spells: 8/8 levels left

rFire    . . .     SeeInvis .   s - +2 short sword (venom)
rCold    . . .     Gourm    .   (no shield)
rNeg     . . .     Faith    .   k - +0 ring mail {rPois}
rPois    +         Spirit   +   l - +0 helmet
rElec    .         Reflect  .   (no cloak)
rCorr    .         Harm     .   (no gloves)
MR       .....                  (no boots)
Stlth    +.........             (no amulet)
HPRegen  0.17/turn              E - +1 ring of protection
MPRegen  0.22/turn              (no ring)

@: no status effects
A: claws 1, demonic guardian 1, magic shield, magic regeneration
a: no special abilities


You were on level 5 of the Dungeon.
You were not hungry.

You visited 1 branch of the dungeon, and saw 5 of its levels.

You collected 257 gold pieces.

Inventory:

Hand Weapons
 b - a +0 hand crossbow
 j - a +1 hunting sling of freezing
 s - a +2 short sword of venom (weapon)
Missiles
 c - 25 bolts
 h - 216 stones (quivered)
 G - 43 sling bullets
Armour
 e - a +0 robe
 k - a +0 ring mail of poison resistance (worn)
 l - a +0 helmet (worn)
Jewellery
 E - a +1 ring of protection (left claw)
Wands
 F - a wand of scattershot (3/9)
Scrolls
 d - 3 scrolls of teleportation
 m - 3 scrolls of remove curse {unknown}
 p - a scroll of recharging {unknown}
 q - 2 scrolls of amnesia {unknown}
 r - a scroll of enchant armour {unknown}
 t - a scroll of immolation {unknown}
 y - a scroll of fear {unknown}
 A - 4 scrolls of identify {unknown}
Potions
 i - 2 potions of might {unknown}
 n - a potion of lignification {unknown}
 o - a potion of haste {unknown}
 u - 3 potions of resistance {unknown}
 v - a potion of heal wounds {unknown}
 w - 4 potions of curing {unknown}
 x - 2 potions of flight {unknown}
 z - 2 potions of brilliance {unknown}
 D - a potion of berserk rage {unknown}
Books
 a - a book of Geomancy

   Spells                             Type                      Level
   a - Sandblast                      Earth                        1
   b - Passwall                       Transmutation/Earth          2
   c - Stone Arrow                    Conjuration/Earth            3
   d - Petrify                        Transmutation/Earth          4
   e - Lee's Rapid Deconstruction     Earth                        5
 C - a book of Necromancy

   Spells                             Type                      Level
   a - Pain                           Necromancy                   1
   b - Animate Skeleton               Necromancy                   1
   c - Vampiric Draining              Necromancy                   3
   d - Regeneration                   Charms/Necromancy            3
   e - Animate Dead                   Necromancy                   4
   f - Control Undead                 Necromancy                   4
Comestibles
 f - 3 bread rations
 g - 3 royal jellies
 B - 4 fruits
 H - 2 meat rations
 I - 7 chunks of flesh


   Skills:
 + Level 3.3 Fighting
 + Level 4.5 Short Blades
 + Level 0.5(1.4) Slings
 + Level 2.0 Crossbows
 + Level 2.2(2.3) Throwing
 + Level 3.7 Armour
 + Level 2.1 Dodging
 + Level 0.5 Stealth
 + Level 1.0 Spellcasting
   Level 1.0 Earth Magic
   Level 1.0 Poison Magic


You had 8 spell levels left.
You didn't know any spells.

Dungeon Overview and Level Annotations

Branches:
Dungeon (5/15)
 Temple: D:4-7

Altars:
Dithmenos
Gozag
Hepliaklqana
Ru
Wu Jian
Zin

Annotations:
D:5 Menkaure


Innate Abilities, Weirdness & Mutations

You have sharp fingernails.
A weak demonic guardian rushes to your aid.
When hurt, damage is shared between your health and your magic reserves.
You regenerate magic rapidly.


Message History

Menkaure is lightly damaged.
Menkaure hits you but does no damage.
The orc hits your iron imp but does no damage.
You barely miss Menkaure.
Menkaure is lightly damaged.
Menkaure hits you!
* * * LOW HITPOINT WARNING * * *
Your iron imp barely misses the orc.
The orc throws a stone.
The stone closely misses your iron imp. The stone hits you but does no damage.
You hit Menkaure.
Menkaure is lightly damaged.
Menkaure hits you.
* * * LOW HITPOINT WARNING * * *
Your iron imp closely misses the orc.
The orc throws a stone.
The stone hits your iron imp but does no damage.
You hit Menkaure but do no damage.
Menkaure is lightly damaged.
The worker ant waves its antennae.
Menkaure hits you!
You die...

# .# # .# #. #.####.. #.
######...........###
#...o†...<..........
#.#5Ma........######
#.#@##.#.###........ #.#.#
.#.# #..###### #.#5# o#.#
#..###### #.#.# .#.# #...>)...
#.#.# .#.# #..####..
#.#.##a#.# #..####.#
###########.#.##.#.# #.......#
#.)........#..##.#.###.#######
#.#########.#.# #5...#.#######


You could see Menkaure, a worker ant, an orc, a friendly iron imp and a friendly
white imp.

Vanquished Creatures
  Duvessa (D:5)
  Dowan (D:5)
  A howler monkey (D:5)
  A crimson imp (D:5)
  A hound (D:5)
  4 orc priests
  An iguana (D:4)
  2 worker ants (D:4)
  2 orc wizards (D:5)
  8 adders
  An ooze (D:2)
  An adder skeleton (D:4)
  2 worms
  2 dart slugs
  2 leopard geckos
  8 orcs
  4 bats
  2 giant cockroaches
  9 goblins
  4 hobgoblins
  6 jackals
  A quokka (D:5)
  4 frilled lizards
  10 kobolds
  3 rats
81 creatures vanquished.

Vanquished Creatures (collateral kills)
  An orc wizard (D:5)
  An adder (D:3)
  An orc (D:5)
3 creatures vanquished.

Grand Total: 84 creatures vanquished

Notes
Turn   | Place    | Note
-------+----------+-------------------------------------------
     0 | D:1      | slep the Demonspawn Wanderer began the quest for the Orb.
     0 | D:1      | slep set off with: a book of Geomancy, a +0 hand crossbow, 25 bolts, a scroll of teleportation, a +0 robe, a bread ration
     0 | D:1      | Reached XP level 1. HP: 16/16 MP: 2/2
   234 | D:1      | Gained mutation: You have sharp fingernails. [demonic ancestry]
   234 | D:1      | Reached XP level 2. HP: 22/22 MP: 3/3
   960 | D:2      | Gained mutation: A weak demonic guardian rushes to your aid. [demonic ancestry]
   960 | D:2      | Reached XP level 3. HP: 11/28 MP: 4/4
  1082 | D:2      | Reached skill level 1 in Short Blades
  1103 | D:2      | Found an ornate altar of the Wu Jian Council.
  1225 | D:2      | Gained mutation: When hurt, damage is shared between your health and your magic reserves. [demonic ancestry]
  1225 | D:2      | Reached XP level 4. HP: 11/34 MP: 5/5
  1313 | D:2      | Found a sacrificial altar of Ru.
  1464 | D:2      | Found an opulent altar of Gozag.
  1685 | D:3      | Reached skill level 1 in Dodging
  1782 | D:3      | Reached skill level 2 in Short Blades
  2141 | D:4      | Reached XP level 5. HP: 39/39 MP: 6/6
  2260 | D:4      | Reached skill level 3 in Short Blades
  2275 | D:4      | Found a shadowy altar of Dithmenos.
  2534 | D:4      | Reached XP level 6. HP: 21/46 MP: 3/7
  2817 | D:5      | Entered Level 5 of the Dungeon
  2823 | D:5      | Found a hazy altar of Hepliaklqana.
  2857 | D:5      | Noticed Dowan
  2858 | D:5      | Noticed Duvessa
  2867 | D:5      | Killed Duvessa
  2876 | D:5      | Killed Dowan
  2899 | D:5      | Found a glowing silver altar of Zin.
  2934 | D:5      | Reached skill level 4 in Short Blades
  2956 | D:5      | Gained mutation: You regenerate magic rapidly. [demonic ancestry]
  2956 | D:5      | Reached XP level 7. HP: 35/52 MP: 8/8
  3045 | D:5      | Noticed Menkaure
  3057 | D:5      | Mangled by Menkaure

Vault maps used:
D:1:      minmay_arrival_glassed_features
D:2:      old_standard_altar, lemuel_doored_altar,
          nicolae_ru_sacrificial_ziggurat
D:3:      first_bread
D:4:      lemuel_crystal_altar
D:5:      elyvilon_altar_3, kennysheep_mini_moat, zin_academy, serial_shops,
          shop_fountains, minmay_ogre_servants, uniq_menkaure, uniq_duvessa,
          uniq_edmund

Skill      XL: |  1  2  3  4  5  6  7 |
---------------+----------------------+-----
Throwing       | 2 |  2.2
Crossbows      | 2 |  2.0
Short Blades   | 1 2 3 4 |  4.5
Armour         | 2 3 |  3.7
Dodging        | 1 2 |  2.1
Fighting       | 3 |  3.3
Slings         | |  0.5
Stealth        | |  0.5
Spellcasting   | |  1.0
Earth Magic    | |  1.0
Poison Magic   | |  1.0

Action                   |  1- 3 |  4- 6 |  7- 9 || total
-------------------------+-------+-------+-------++-------
Melee: Short sword       |    72 |   159 |    41 ||   272
 Fire: Hunting sling     |    26 |       |       ||    26
       Hand crossbow     |     4 |       |       ||     4
Throw: Stone             |     5 |     1 |       ||     6
 Stab: Distracted        |       |       |     1 ||     1
  Eat: Chunk             |     1 |     5 |     1 ||     7
Armor: Ring mail         |    45 |    69 |     8 ||   122
Dodge: Dodged            |    69 |    71 |    18 ||   158

Table legend:
 A = Spawn XP
 B = Non-spawn XP
 C = Spawn XP percentage of total XP
 D = Spawn monster count
 E = Non-spawn monster count
 F = Spawn count percentage of total count
 G = Total turns spent on level
                    A         B        C        D         E        F      G
               +---------+---------+-------+---------+---------+-------+---------
         Total |       0 |     966 |   0.0 |       0 |      84 |   0.0 |  3057
               +---------+---------+-------+---------+---------+-------+---------
           D:1 |       0 |      37 |   0.0 |       0 |      22 |   0.0 |   943
           D:2 |       0 |      76 |   0.0 |       0 |      19 |   0.0 |   575
           D:3 |       0 |      61 |   0.0 |       0 |      11 |   0.0 |   605
           D:4 |       0 |     242 |   0.0 |       0 |      15 |   0.0 |   694
           D:5 |       0 |     550 |   0.0 |       0 |      17 |   0.0 |   240
               +---------+---------+-------+---------+---------+-------+---------
